 Dungeon Crawl Stone Soup version 0.31.0-32-g396128a36d (webtiles) character file.

Game seed: 7384787542425886510

480692 tbry the Archmage (level 23, -12/110 (120) HPs)
             Began as a Deep Elf Summoner on Apr 17, 2024.
             Was the Champion of Sif Muna.
             Mangled by Josephina
             ... wielding a staff of cold
              (13 damage)
             ... on level 1 of the Crypt on Apr 19, 2024.
             The game lasted 04:13:50 (61159 turns).

tbry the Archmage (Deep Elf Summoner)              Turns: 61159, Time: 04:13:51

HP:   -12/110 (120) AC: 22    Str:  8      XL:     23   Next: 8%
MP:   45/66         EV: 22    Int: 37      God:    Sif Muna [******]
Gold: 4545          SH: 12    Dex: 21 (22) Spells: 3/76 levels left

rFire   . . .        Q - +6 long sword "Cajeuh" {freeze, Will++ Stlth-}
rCold   + . .        X - +3 buckler {reflect}
rNeg    . . .        z - +5 robe of Night {Dark Will+ SInv}
rPois   +            P - +3 hat of Pondering {ponderous, Will+ MP+10 Int+5}
rElec   +            t - +2 cloak {rPois}
rCorr   +            a - +2 pair of gloves "Wucihone" {Fly Str+3 Slay+2}
SInv    +            v - +2 pair of boots
Will    +++++        q - amulet of Gaenkyf {Regen+ rCorr Dex+3}
Stlth   +++          o - ring "Fifuh" {Ice rElec Will- rCorr Int+4}
HPRegen 1.18/turn    B - ring of the Octopus King {rF+ HP+2 AC+2 EV+2 SH+2}
MPRegen 0.40/turn

%: reflection
@: about to teleport, flying, studying 2 skills, drained, slow
A: screaming 1
}: 4/15 runes: decaying, serpentine, slimy, silver
a: Renounce Religion, Channel Magic, Forget Spell, Divine Exegesis


You were on level 1 of the Crypt.
You worshipped Sif Muna.
Sif Muna was exalted by your worship.
You visited 11 branches of the dungeon, and saw 46 of its levels.
You also visited: Gauntlet and Ice Cave.

You collected 6481 gold pieces.
You spent 1936 gold pieces at shops.

Inventory:

Hand Weapons
 E - the +8 dagger of Terra Cotta {freeze, rPois Str+3}
   (You found it on level 3 of the Vaults)

   Str+3:     It affects your strength (+3).
   rPois:     It protects you from poison
 Q - the +6 long sword "Cajeuh" (weapon) {freeze, Will++ Stlth-}
   (You took it off a deep elf death mage on level 3 of the Elven Halls)

   Will++:    It greatly increases your willpower.
   Stlth-:    It makes you less stealthy.
Armour
 a - the +2 pair of gloves "Wucihone" (worn) {Fly Str+3 Slay+2}
   (You found it on level 3 of the Vaults)

   Str+3:     It affects your strength (+3).
   Slay+2:    It affects your accuracy & damage with ranged weapons and melee
   (+2).
   Fly:       It grants you flight.
 i - a +3 leather armour of resistance
 t - a +2 cloak of poison resistance (worn)
 v - a +2 pair of boots (worn)
 z - the +5 robe of Night (worn) {Dark Will+ SInv}
   (You took it off a deep elf demonologist on level 3 of the Elven Halls)

   Dark:      It shrouds the wearer in darkness, reducing the range at which
   they can see and be seen by others.
   Will+:     It increases your willpower.
   SInv:      It lets you see invisible.
 P - the +3 hat of Pondering (worn) {ponderous, Will+ MP+10 Int+5}
   (You took it off Gastronok on level 2 of the Lair of Beasts)

   Int+5:     It affects your intelligence (+5).
   Will+:     It increases your willpower.
   MP+10:     It affects your magic capacity (+10).
 X - a +3 buckler of reflection (worn)
Magical Staves
 G - the staff "Mijum" {rElec rN+ Str-4 Dex+2 Necro Earth}
   (You found it in a Gauntlet)

   [staff of death]

   Base accuracy: +5 Base damage: 5 Base attack delay: 1.2 This weapon's minimum
   attack delay (0.6) is reached at skill level 12.
   Str-4:     It affects your strength (-4).
   Dex+2:     It affects your dexterity (+2).
   rElec:     It insulates you from electricity.
   rN+:       It protects you from negative energy.
   Necro:     It increases the power of your Necromancy spells.
   Earth:     It increases the power of your Earth spells.
   It falls into the 'Staves' category.
   It is a one-handed weapon.
Jewellery
 h - a ring of flight
 o - the ring "Fifuh" (left hand) {Ice rElec Will- rCorr Int+4}
   (You found it on level 5 of the Pits of Slime)

   [ring of ice]

   Ice:       It enhances your ice magic.
   Int+4:     It affects your intelligence (+4).
   rF-:       It makes you vulnerable to fire.
   rC+:       It protects you from cold.
   rElec:     It insulates you from electricity.
   Will-:     It decreases your willpower.
   rCorr:     It protects you from acid and corrosion.
 q - the amulet of Gaenkyf (around neck) {Regen+ rCorr Dex+3}
   (You bought it in a shop on level 4 of the Vaults)

   [amulet of regeneration]

   Dex+3:     It affects your dexterity (+3).
   Regen+:    It increases your rate of health regeneration.
   rCorr:     It protects you from acid and corrosion.
 B - a ring of the Octopus King (right hand) {rF+ HP+2 AC+2 EV+2 SH+2}
   (You took it off a deep elf annihilator on level 3 of the Elven Halls)

   [ring of protection from fire]

   AC+2:      It affects your AC (+2).
   EV+2:      It affects your evasion (+2).
   rF+:       It protects you from fire.
   HP+2:      It affects your health (+2).
   SH+2:      It affects your SH (+2).
 S - a ring of see invisible
 U - the amulet of the Air {Inacc Air Fly rElec RMsl}
   (You found it on level 5 of the Vaults)

   [amulet of nothing]

   Inacc:     It reduces the accuracy of your attacks and spells.
   Air:       It enhances your air magic.
   rElec:     It insulates you from electricity.
   Fly:       It grants you flight.
   RMsl:      It protects you from missiles.
 Y - the ring "Japp" {rC+ Int+6}
   (You found it in a Gauntlet)

   [ring of intelligence]

   Int+6:     It affects your intelligence (+6).
   rC+:       It protects you from cold.
Wands
 l - a wand of paralysis (50)
 s - a wand of flame (136)
 J - a wand of light (39)
 K - a wand of iceblast (49)
 O - a wand of mindburst (24)
 V - a wand of digging (3)
Scrolls
 c - a scroll of amnesia
 e - 7 scrolls of immolation
 j - a scroll of summoning
 m - 4 scrolls of silence
 p - 14 scrolls of enchant weapon
 u - 6 scrolls of fog
 w - 15 scrolls of teleportation
 x - 5 scrolls of poison
 y - 2 scrolls of enchant armour
 C - 9 scrolls of revelation
 D - 3 scrolls of fear
 M - a scroll of blinking
Potions
 b - a potion of magic
 d - 13 potions of curing
 f - 5 potions of enlightenment
 g - 8 potions of might
 k - a potion of heal wounds
 n - 9 potions of mutation
 r - 8 potions of lignification
 F - 7 potions of cancellation
 H - 5 potions of brilliance
 I - 2 potions of berserk rage
 L - 9 potions of ambrosia
 N - 2 potions of haste
 R - 2 potions of invisibility
 T - 3 potions of resistance
Miscellaneous
 A - a lightning rod (4/4)
 W - a sack of spiders
 Z - a phial of floods


   Skills:
 + Level 4.8 Fighting
 + Level 4.6(6.0) Short Blades
 + Level 5.4(6.1) Long Blades
 + Level 6.8 Armour
 + Level 11.5 Dodging
 + Level 7.7 Stealth
 + Level 8.3 Shields
 O Level 27 Spellcasting
 + Level 10.3 Conjurations
 + Level 1.3 Hexes
 O Level 27 Summonings
 + Level 8.6 Necromancy
 + Level 7.7 Translocations
 + Level 5.8 Fire Magic
 + Level 5.1 Ice Magic
 + Level 12.7 Air Magic
 + Level 7.4 Invocations
 + Level 0.7 Evocations


You had 3 spell levels left.
You knew the following spells:

 Your Spells              Type           Power      Damage    Failure   Level
a - Airstrike             Air            48%        2d(7-23)  1%          4
b - Summon Mana Viper     Hex/Summ       100%       N/A       1%          5
c - Call Canine Familiar  Summ           100%       N/A       0%          3
d - Summon Hydra          Summ           64%        N/A       0%          7
e - Summon Lightning Spi  Summ/Air       100%       N/A       0%          4
f - Summon Ice Beast      Ice/Summ       100%       N/A       0%          3
g - Summon Cactus Giant   Summ           64%        N/A       0%          6
h - Monstrous Menagerie   Summ           64%        N/A       0%          7
i - Spellforged Servitor  Conj/Summ      56%        N/A       1%          7
j - Summon Forest         Summ/Tloc      54%        N/A       0%          5
k - Martyr's Knell        Necr/Summ      100%       N/A       0%          4
l - Dragon's Call         Summ           64%        N/A       1%          9
m - Animate Dead          Necr           85%        N/A       1%          4
n - Freezing Cloud        Conj/Ice/Air   54%        6-21      1%          5

Your spell library contained the following spells:

 Spells                   Type           Power      Damage    Failure   Level
 Kiss of Death            Conj/Necr      100%       2d13      0%          1
 Magic Dart               Conj           100%       1d8       0%          1
 Necrotise                Necr           100%       1d9       0%          1
 Shock                    Conj/Air       100%       1d9       0%          1
 Summon Small Mammal      Summ           100%       N/A       0%          1
 Call Imp                 Summ           100%       N/A       0%          2
 Searing Ray              Conj           100%       2d8       0%          2
 Static Discharge         Conj/Air       100%       3-8/arc   0%          2
 Swiftness                Air            97%        N/A       0%          3
 Apportation              Tloc           100%       N/A       1%          1
 Foxfire                  Conj/Fire      100%       2x1d9     1%          1
 Sandblast                Erth           98%        2d20      1%          1
 Sting                    Conj/Alch      100%       1d9       1%          1
 Blink                    Tloc           100%       N/A       1%          2
 Cigotuvi's Dreadful Rot  Necr/Alch/Air  100%       N/A       1%          2
 Ensorcelled Hibernation  Hex/Ice        100%       N/A       1%          2
 Jinxbite                 Hex            100%       N/A       1%          2
 Momentum Strike          Conj/Tloc      100%       3d10      1%          2
 Scorch                   Fire           100%       2d9       1%          2
 Sublimation of Blood     Necr           85%        N/A       1%          2
 Confusing Touch          Hex            56%        N/A       1%          3
 Dazzling Flash           Conj/Hex       100%       N/A       1%          3
 Fugue of the Fallen      Necr           85%        N/A       1%          3
 Gell's Gravitas          Tloc           82%        N/A       1%          3
 Hailstorm                Conj/Ice       100%       3d16      1%          3
 Mephitic Cloud           Conj/Alch/Air  82%        N/A       1%          3
 Ozocubu's Armour         Ice            93%        N/A       1%          3
 Passwall                 Erth           49%        N/A       1%          3
 Stone Arrow              Conj/Erth      100%       3d13      1%          3
 Teleport Other           Tloc           82%        N/A       1%          3
 Tukima's Dance           Hex            56%        N/A       1%          3
 Volatile Blastmotes      Fire/Tloc      100%       2d18      1%          3
 Summon Blazeheart Golem  Fire/Summ      100%       N/A       0%          4
 Animate Armour           Summ/Erth      100%       N/A       1%          4
 Brom's Barrelling Bould  Conj/Erth      73%        2d9       1%          4
 Dimensional Bullseye     Hex/Tloc       35%        N/A       1%          4
 Dispel Undead            Necr           85%        3d27      1%          4
 Flame Wave               Conj/Fire      83%        2d18      1%          4
 Fulminant Prism          Conj/Alch      36%        3d17      1%          4
 Ignite Poison            Fire/Alch      64%        N/A       1%          4
 Iskenderun's Mystic Bla  Conj/Tloc      86%        2d17      1%          4
 Manifold Assault         Tloc           82%        N/A       1%          4
 Passage of Golubria      Tloc           82%        N/A       1%          4
 Sticky Flame             Fire/Alch      64%        2d11      1%          4
 Vhi's Electric Charge    Tloc/Air       100%       N/A       1%          4
 Arcjolt                  Conj/Air       47%        1d57      1%          5
 Fireball                 Conj/Fire      41%        3d17      1%          5
 Irradiate                Conj/Alch      36%        3d23      1%          5
 Silence                  Hex/Air        40%        N/A       1%          5
 Conjure Ball Lightning   Conj/Air       47%        3x3d16    1%          6
 Plasma Beam              Fire/Air       43%        2x1d57    1%          6
 Haunt                    Necr/Summ      55%        N/A       1%          7
 Malign Gateway           Summ/Tloc      54%        N/A       1%          7
 Summon Horrible Things   Summ           64%        N/A       1%          8
 Borgnjor's Vile Clutch   Necr/Erth      34%        N/A       2%          5
 Death Channel            Necr           42%        N/A       2%          6
 Cause Fear               Hex            28%        N/A       3%          4
 Dispersal                Tloc           41%        N/A       3%          6
 Starburst                Conj/Fire      41%        6d12      3%          6
 Metabolic Englaciation   Hex/Ice        42%        N/A       4%          5
 Leda's Liquefaction      Alch/Erth      24%        N/A       5%          4
 Orb of Destruction       Conj           45%        9d12      6%          7
 Bombard                  Conj/Erth      36%        9d6       10%         6
 Yara's Violent Unravell  Hex/Alch       26%        3d11      12%         5
 Alistair's Intoxication  Alch           32%        N/A       14%         5
 Maxwell's Capacitive Co  Air            48%        ∞         19%         8
 Sculpt Simulacrum        Ice/Alch       40%        N/A       28%         6
 Eringya's Noxious Bog    Alch           24%        4d6       63%         6
 Borgnjor's Revivificati  Necr           42%        N/A       71%         8
 Infestation              Necr           42%        N/A       71%         8
 Disjunction              Tloc           41%        N/A       82%         8
 Ignition                 Fire           38%        3d11      97%         8
 Lehudib's Crystal Spear  Conj/Erth      36%        10d9      99%         8
 Chain Lightning          Conj/Air       47%        3d62      99%         9
 Death's Door             Necr           42%        N/A       100%        9
 Fire Storm               Conj/Fire      41%        8d11      100%        9
 Polar Vortex             Ice            46%        12d6*     100%        9
 Shatter                  Erth           24%        3d21*     100%        9


Dungeon Overview and Level Annotations

Branches:
Dungeon (15/15)            Temple (1/1) D:4            Lair (5/5) D:11
  Swamp (4/4) Lair:3        Snake (4/4) Lair:3        Slime (5/5) Lair:5
    Orc (2/2) D:11            Elf (3/3) Orc:2        Vaults (5/5) D:14
  Crypt (1/3) Vaults:2     Depths (1/4) D:15          IceCv (visited)
Gauntlet (visited)

Altars:
Ashenzari
Cheibriados
Dithmenos
Elyvilon
Fedhas
Gozag
Hepliaklqana
Kikubaaqudgha
Makhleb
Nemelex Xobeh
Okawaru
Qazlal
Ru
Sif Muna
Trog
Uskayaw
Vehumet
Wu Jian
Xom
Yredelemnul
Zin
The Shining One
Jiyva

Shops:
D:12 (!   Orc:1 !   Orc:2 :[([   Elf:1 (   Elf:2 (   Snake:2 :==   Snake:4 (
Vaults:4 =   Vaults:5 [:*[

Portals:
Trove: D:10 (show abyssal rune of Zot)

Annotations:
Crypt:1 Josephina


Innate Abilities, Weirdness & Mutations

You occasionally shout uncontrollably at your foes.


Message History

The shard shrike skeleton is destroyed!
Sif Muna accepts your kill.
Your seven-headed hydra bites the titan simulacrum.
Your seven-headed hydra bites the titan simulacrum!
Your seven-headed hydra bites the titan simulacrum.
Your seven-headed hydra bites the titan simulacrum but does no damage. x2
A laughing skull comes into view.
Your flayed ghost completely misses the titan simulacrum.
A laughing skull comes into view.
Your seven-headed hydra disappears in a puff of smoke!
The laughing skull gibbers with scorn.
The bolt of negative energy hits the phantasmal warrior.
The phantasmal warrior completely resists.
The bolt of negative energy misses you.
The phantasmal warrior barely misses your spellforged servitor.
The titan simulacrum hits your flayed ghost!
Your flayed ghost is destroyed!
Your flayed ghost disappears in a puff of smoke!
The laughing skull barely misses you.
A fire dragon simulacrum comes into view.
The laughing skull lets out a vicious peal of laugher.
The bolt of negative energy hits you!
You feel drained.
The phantasmal warrior hits your spellforged servitor!!
The laughing skull cackles spitefully.
The bolt of negative energy hits the phantasmal warrior.
The phantasmal warrior completely resists.
The bolt of negative energy misses your spellforged servitor.
The bolt of negative energy hits you!!
You feel drained.
* * * LOW HITPOINT WARNING * * *
Your spellforged servitor waves its arms in wide circles.
The air twists around and strikes Josephina!
As you read the scroll of teleportation, it crumbles to dust.
You feel strangely unstable. You block the laughing skull's attack.
The phantasmal warrior hits your spellforged servitor!
Josephina hits you with a staff of cold!
* * * LOW HITPOINT WARNING * * *
Josephina freezes you! You resist.
* * * LOW HITPOINT WARNING * * *
Josephina freezes you!
You die...

##### #...# #>..#
###@..# .# #.Lz..#
..## ..##§Z..9#
...#
...Z...zW####...#
..§§..}.z........
..
.§..#######...##
#. ..##
###......###### ♣.
.. #.....#####...#
♣.
#.....#####...###.


You could see Josephina (ally target), a phantasmal warrior (distracted), 3
laughing skulls, a fire dragon simulacrum, a titan simulacrum and a friendly
spellforged servitor (summoned).

Vanquished Creatures
  Vashnia (Snake:2)
  A deep elf master archer (Elf:3)
  A shadow dragon (Vaults:5)
  A fenstrider witch (Swamp:2)
  A vault warden (Vaults:4)
  3 ironbound preservers
  An eleionoma (Swamp:3)
  A bunyip (Swamp:3)
  3 deep elf annihilators
  An eidolon (Crypt:1)
  2 yaktaur captains
  A salamander tyrant (Snake:3)
  5 hydras
  A great orb of eyes (Vaults:2)
  Harold (Lair:1)
  A vault guard (Vaults:5)
  A spriggan air mage (Swamp:3)
  An ironbound frostheart (IceCv)
  7 anacondas
  A centaur warrior (D:15)
  A ghost crab (Swamp:4)
  An alligator (Swamp:2)
  An ogre mage (Vaults:5)
  12 dancing weapons
  A boulder beetle (Lair:2)
  2 death yaks (IceCv)
  4 two-headed ogres (D:10)
  2 naga warriors (Snake:4)
  A naga sharpshooter (Snake:4)
  A shock serpent (Snake:4)
  7 deep elf knights
  6 spriggans
  3 deep trolls (Vaults:3)
  A salamander mystic (Snake:3)
  5 spriggan druids (Swamp:3)
  A goliath frog (Swamp:3)
  2 lindwurms
  4 naga ritualists
  An arcanist (Vaults:1)
  A deep elf archer (Elf:1)
  2 bog bodies (Swamp:3)
  4 mana vipers
  2 ironbound convokers
  3 phantasmal warriors
  3 necromancers
  4 deep elf zephyrmancers
  14 deep elf pyromancers
  3 will-o-the-wisps (Swamp:3)
  2 oklob plants (Swamp:4)
  Maurice (D:9)
  An ugly thing (D:10)
  A salamander (Snake:3)
  2 vault sentinels (Vaults:3)
  17 black mambas
  3 naga magi
  2 guardian serpents (Snake:4)
  Joseph (D:8)
  A gargoyle (D:11)
  A komodo dragon (Lair:1)
  Jeremiah (D:9)
  4 cane toads
  6 yaktaurs
  A freezing wraith (D:15)
  A rime drake (Lair:5)
  A hydra zombie (Swamp:4)
  2 polar bears (IceCv)
  2 hornets
  A tyrant leech (Swamp:2)
  5 blink frogs
  An air elemental (Elf:1)
  A glass eye (Slime:5)
  7 slime creatures
  A vampire (D:10)
  2 wraiths
  A water elemental (D:12)
  A nameless horror (Lair:4)
  9 yaks
  4 wyverns
  2 basilisks (D:15)
  3 vampire mosquitoes
  9 swamp worms
  7 nagas
  A hydra simulacrum (Swamp:4)
  2 water moccasins (Lair:3)
  Duvessa (D:4)
  2 swamp drakes (Swamp:4)
  A dream sheep zombie (Crypt:1)
  2 orc warriors
  18 wolves
  A centaur (Orc:2)
  2 kobold brigands
  9 bullfrogs
  2 scorpions
  2 earth elementals
  3 wights
  Dowan (D:4)
  3 killer bees (D:9)
  3 howler monkeys (D:8)
  A bombardier beetle (D:5)
  Crazy Yiuf (D:2)
  A gnoll bouda (D:5)
  4 hounds
  A jelly (D:7)
  4 orc priests
  A sleepcap (D:5)
  2 iguanas (D:5)
  3 orc wizards
  7 adders
  A swamp drake zombie (Swamp:4)
  A swamp drake skeleton (Swamp:4)
  2 white imps
  A ribbon worm (D:4)
  A dart slug (D:4)
  17 orcs
  6 ball pythons
  7 endoplasms
  A goblin (D:1)
  8 hobgoblins
  A jackal (D:5)
  A quokka (D:3)
  5 frilled lizards
  6 kobolds
  2 rats
369 creatures vanquished.

Vanquished Creatures (collateral kills)
  the Royal Jelly (Slime:5)
  A dread lich (Vaults:5)
  3 ancient liches (Vaults:5)
  Saint Roka (Vaults:1)
  Norris (Vaults:1)
  A tentacled monstrosity (Swamp:3)
  Zenata (Elf:1)
  Jorgrun (Elf:1)
  Rupert (Lair:5)
  A shard shrike skeleton (Crypt:1)
  3 quicksilver dragons
  A lich (Vaults:5)
  Mlioglotl (Swamp:2)
  5 titans (Vaults:5)
  2 deep elf blademasters
  11 acid blobs
  Frances (Snake:1)
  4 sphinxes
  Aizul (Snake:1)
  Gastronok (Lair:2)
  8 tengu reavers
  Kirke (Snake:1)
  Donald (Slime:4)
  5 rockslimes
  3 storm dragons (Vaults:5)
  2 thorn hunters (Swamp:4)
  3 shadow dragons (Vaults:5)
  12 azure jellies (Slime:5)
  7 nagarajas
  The ghost of Winotaur the Severer, a journeyman MiBe of Trog (Snake:1)
  An iron dragon (Vaults:5)
  2 fire giants (Vaults:5)
  2 frost giants (Vaults:5)
  4 deep elf sorcerers (Elf:3)
  17 vault wardens
  6 deep elf elementalists (Elf:3)
  2 ghouls (Swamp:4)
  22 ironbound preservers
  15 quicksilver oozes
  4 formless jellyfish
  8 stone giants
  6 ironbound thunderhulks
  A hydra skeleton (Swamp:4)
  9 deep elf death magi
  A very ugly thing (Vaults:5)
  A spark wasp (D:15)
  An eleionoma (Swamp:4)
  6 deep elf demonologists (Elf:3)
  A minotaur (Gauntlet)
  2 bunyips
  11 deep elf annihilators
  8 dire elephants
  Snorg (Orc:2)
  2 war gargoyles
  A crystal guardian (Vaults:4)
  A shambling mangrove (Swamp:4)
  4 entropy weavers
  3 fire dragons
  3 ettins (Vaults:5)
  11 yaktaur captains
  27 vault guards
  7 deep elf high priests
  7 great orbs of eyes
  An ogre mage (Vaults:5)
  The ghost of TacoSundae the Nimble, a journeyman GnGl of Okawaru (Lair:1)
  3 peacekeepers (Vaults:4)
  8 hydras
  10 centaur warriors
  3 boulder beetles
  7 ghost crabs
  6 alligators
  8 anacondas
  2 death knights (Vaults:2)
  A sphinx skeleton (Vaults:2)
  6 naga warriors
  8 ironbound frosthearts
  4 two-headed ogres
  A death yak (IceCv)
  A tengu warrior (D:14)
  A titan zombie (Vaults:2)
  An occultist (D:15)
  19 dancing weapons
  Urug (Orc:1)
  A shock serpent (Snake:1)
  14 naga sharpshooters
  A shock serpent (shapeshifter) (Vaults:5)
  Sonja (D:11)
  3 spriggans
  A vampire mage (Crypt:1)
  A soul eater (Gauntlet)
  14 deep elf knights
  A salamander mystic (Snake:3)
  2 shadow wraiths
  4 goliath frogs
  4 skysharks
  5 deep elf archers
  5 spriggan druids (Swamp:4)
  8 naga ritualists
  29 deep trolls
  A mana viper (shapeshifter) (Vaults:5)
  2 glowing orange brains (shapeshifter)
  9 arcanists
  9 mana vipers
  A glowing orange brain (Vaults:3)
  8 swamp dragons
  6 orc knights
  8 lindwurms
  19 ironbound convokers
  3 spectral hydras (Swamp:4)
  4 phantasmal warriors
  33 deep elf zephyrmancers
  34 deep elf pyromancers
  An oklob plant (Swamp:4)
  A necromancer (Vaults:3)
  2 orc sorcerers
  3 shining eyes
  A moth of wrath (shapeshifter) (Vaults:3)
  5 manticores
  22 ugly things
  7 salamanders
  A spectral mana viper (Snake:1)
  2 cyclopes (D:14)
  A meliai (shapeshifter) (D:15)
  22 vault sentinels
  7 kobold blastminers
  A stone giant skeleton (Vaults:2)
  2 eyes of devastation
  10 guardian serpents
  3 elephants (Lair:2)
  17 cane toads
  2 torpor snails (Lair:4)
  11 naga magi
  A human skeleton (Vaults:2)
  An ice statue (IceCv)
  24 black mambas
  An unseen horror (D:12)
  6 rime drakes
  30 yaktaurs
  6 komodo dragons
  2 freezing wraiths (Swamp:4)
  A kobold demonologist (D:10)
  A tengu conjurer (D:14)
  An anaconda simulacrum (Snake:1)
  A queen bee (Orc:1)
  8 polar bears
  A hydra zombie (Swamp:4)
  9 trolls
  A bloated husk (Swamp:3)
  5 hornets
  5 dream sheep (Lair:5)
  7 tyrant leeches
  2 spectral guardian serpents (Snake:1)
  15 blink frogs
  An ettin zombie (Vaults:2)
  A spectral black mamba (Snake:1)
  A shock serpent simulacrum (Snake:1)
  64 yaks
  2 shadows
  52 slime creatures
  An air elemental (Elf:1)
  A water elemental (Elf:3)
  2 fire elementals
  A vampire (D:12)
  2 wyverns
  2 wraiths
  3 basilisks
  2 hogs (Snake:1)
  2 golden eyes
  A redback (Vaults:4)
  A steam dragon (D:7)
  3 wargs
  11 vampire mosquitoes
  2 death yak simulacra (Lair:3)
  A harpy simulacrum (Crypt:1)
  10 swamp worms
  26 nagas
  2 hydra simulacra (Swamp:4)
  13 water moccasins
  2 spectral nagas (Snake:1)
  29 orc warriors
  5 laughing skulls (Crypt:1)
  2 swamp drakes
  An ice beast (D:6)
  A black bear (D:5)
  2 black mamba simulacra (Snake:1)
  A swamp dragon zombie (Swamp:4)
  5 boggarts (Vaults:4)
  8 centaurs
  23 wolves
  7 ogres
  4 bullfrogs
  6 earth elementals
  A scorpion (D:6)
  15 wights
  33 killer bees
  A howler monkey (D:13)
  2 electric eels
  A bombardier beetle (D:6)
  A hound (D:5)
  13 orc priests
  2 jellies
  Ijyb (D:5)
  12 orc wizards
  2 hell rats (Lair:2)
  3 polar bear simulacra (Lair:3)
  A naga simulacrum (Snake:1)
  A wolf simulacrum (Lair:3)
  6 nameless horrors
  A hound skeleton (Crypt:1)
  9 gnolls
  2 swamp drake zombies (Swamp:4)
  An adder (D:2)
  4 river rats (Lair:2)
  4 shadow imps (Gauntlet)
  2 white imps
  3 ribbon worms
  2 dart slugs
  49 orcs
  4 endoplasms
  A giant cockroach (D:1)
  A goblin (D:1)
  A hobgoblin (D:4)
  A jackal (D:5)
  12 kobolds
  4 ball pythons
  4 bats
  2 frilled lizards (D:1)
  A rat (Lair:2)
  A butterfly (Lair:5)
1361 creatures vanquished.

Vanquished Creatures (others)
  A deep elf sorcerer (Elf:3)
  A quicksilver dragon zombie (Vaults:5)
  A vault guard (Vaults:5)
  A sphinx zombie (Vaults:5)
  A storm dragon zombie (Vaults:5)
  A spriggan druid (Swamp:1)
  An iron dragon zombie (Vaults:5)
  2 tengu zombies (Vaults:5)
  2 frost giant zombies (Vaults:5)
  2 ugly thing zombies (Vaults:4)
  2 shadow dragon zombies (Vaults:5)
  A stone giant zombie (Vaults:5)
  3 dire elephant zombies (Vaults:2)
  28 human zombies
  A mana viper zombie (Vaults:5)
  A redback zombie (Vaults:4)
  A bunyip simulacrum (Crypt:1)
  A bloated husk (Swamp:1)
  An ettin zombie (Vaults:5)
  13 deep troll zombies
  A naga (Snake:3)
  An ogre zombie (Vaults:5)
  An orc warrior (Orc:2)
  5 elf zombies
  An ogre (Orc:2)
  9 yaktaur zombies
  An earth elemental (Elf:3)
  A boggart zombie (Vaults:4)
  33 blazeheart cores
  2 foxfires (Swamp:3)
  35 snaplasher vines
155 creatures vanquished.

Grand Total: 1885 creatures vanquished

Notes
Turn   | Place    | Note
-------+----------+-------------------------------------------
     0 | D:1      | tbry the Deep Elf Summoner began the quest for the Orb.
     0 | D:1      | Reached XP level 1. HP: 10/10 MP: 6/6
   215 | D:1      | Reached XP level 2. HP: 13/15 MP: 8/8
   292 | D:1      | Learned a level 2 spell: Call Imp
   442 | D:1      | Reached skill level 5 in Summonings
   442 | D:1      | Reached XP level 3. HP: 19/19 MP: 5/9
   446 | D:1      | Learned a level 3 spell: Call Canine Familiar
   972 | D:2      | Reached XP level 4. HP: 5/24 MP: 4/11
  1065 | D:2      | Found a faded altar of an unknown god.
  1132 | D:2      | Found an ancient bone altar of Kikubaaqudgha.
  1570 | D:2      | Found a runed translucent door.
  1571 | D:2      | Noticed Crazy Yiuf
  1595 | D:2      | Killed Crazy Yiuf
  1745 | D:3      | Noticed a nameless horror
  1810 | D:3      | Reached XP level 5. HP: 28/28 MP: 0/13
  2190 | D:3      | Learned a level 4 spell: Summon Blazeheart Golem
  2295 | D:3      | Identified the +0 hat of Weulat {+Inv Fly rF+}
  2301 | D:3      | Reached skill level 1 in Shields
  2671 | D:4      | Found a glowing golden altar of the Shining One.
  2762 | D:4      | Found a staircase to the Ecumenical Temple.
  2780 | Temple   | Found a transporter.
  2780 | Temple   | Found a transporter.
  2780 | Temple   | Found a transporter.
  2780 | Temple   | Found a transporter.
  2780 | Temple   | Entered the Ecumenical Temple
  2818 | Temple   | Became a worshipper of Sif Muna the Loreminder
  2954 | D:4      | Noticed Duvessa
  2955 | D:4      | Noticed Dowan
  2972 | D:4      | Killed Dowan
  2972 | D:4      | Killed Duvessa
  2973 | D:4      | Reached skill level 1 in Short Blades
  2973 | D:4      | Reached skill level 1 in Armour
  2973 | D:4      | Reached skill level 5 in Spellcasting
  2973 | D:4      | Reached XP level 6. HP: 19/33 MP: 1/16
  3041 | D:4      | Learned a level 4 spell: Summon Lightning Spire
  3186 | D:4      | Reached skill level 1 in Fire Magic
  3186 | D:4      | Reached XP level 7. HP: 19/37 MP: 12/17
  3464 | D:4      | Reached * piety under Sif Muna
  3569 | D:5      | Entered Level 5 of the Dungeon
  3569 | D:5      | Noticed Ijyb
  3589 | D:5      | Reached skill level 1 in Air Magic
  3597 | D:5      | Paralysed by Ijyb for 5 turns
  3601 | D:5      | Killed Ijyb
  3648 | D:5      | Found a broken altar of Ashenzari.
  3914 | D:5      | Found a snail-covered altar of Cheibriados.
  4251 | D:5      | Reached XP level 8. HP: 23/42 MP: 19/19
  4634 | D:5      | Found a hazy altar of Hepliaklqana.
  4962 | D:6      | Reached skill level 1 in Fighting
  4969 | D:6      | Reached ** piety under Sif Muna
  5197 | D:6      | Found a sparkling altar of Nemelex Xobeh.
  5540 | D:7      | Found an opulent altar of Gozag.
  5657 | D:7      | Reached XP level 9. HP: 40/47 MP: 22/22
  6622 | D:8      | Found a hide-covered altar of Uskayaw.
  6784 | D:8      | Noticed Joseph
  6795 | D:8      | Killed Joseph
  7087 | D:8      | Found a shimmering altar of Xom.
  7087 | D:8      | Found a stormy altar of Qazlal.
  7130 | D:9      | Noticed Jeremiah
  7140 | D:9      | Killed Jeremiah
  7195 | D:9      | Reached *** piety under Sif Muna
  7233 | D:9      | Found a glowing silver altar of Zin.
  7268 | D:9      | Noticed Maurice
  7273 | D:9      | Maurice stole a +5 dagger
  7275 | D:9      | Maurice stole an amulet of regeneration
  7277 | D:9      | Maurice stole 370 gold
  7278 | D:9      | Maurice stole 18 gold
  7289 | D:9      | Killed Maurice
  7290 | D:9      | Reached XP level 10. HP: 14/52 MP: 17/25
  7592 | D:9      | Found a sacrificial altar of Ru.
  7601 | D:9      | Reached skill level 10 in Summonings
  7607 | D:9      | Reached skill level 10 in Spellcasting
  8089 | D:9      | Reached **** piety under Sif Muna
  8744 | D:10     | Entered Level 10 of the Dungeon
  8744 | D:10     | Noticed a two-headed ogre
  8754 | D:10     | Killed a two-headed ogre
  8755 | D:10     | Reached skill level 5 in Shields
  8760 | D:10     | Noticed a two-headed ogre
  8764 | D:10     | Reached XP level 11. HP: 40/56 MP: 23/28
  8769 | D:10     | Killed a two-headed ogre
  8977 | D:11     | Noticed a two-headed ogre
  8986 | D:11     | Killed a two-headed ogre
  9074 | D:11     | Noticed a green ugly thing
  9084 | D:11     | Killed a green ugly thing
  9133 | D:11     | Found a staircase to the Lair.
  9156 | D:10     | Noticed a two-headed ogre
  9192 | D:10     | Killed a two-headed ogre
  9428 | D:10     | Noticed a cyan ugly thing
  9441 | D:10     | Killed a cyan ugly thing
  9456 | D:10     | Noticed a two-headed ogre
  9469 | D:10     | Killed a two-headed ogre
  9622 | D:10     | Found a portal to a secret trove of treasure.
 10023 | D:11     | Found a staircase to the Orcish Mines.
 10050 | Lair:1   | Entered Level 1 of the Lair of Beasts
 10050 | Lair:1   | Noticed TacoSundae's ghost (journeyman GnGl)
 10059 | Lair:1   | Reached skill level 5 in Armour
 10062 | Lair:1   | Noticed Harold
 10208 | D:11     | Found a shimmering blue altar of Sif Muna.
 10377 | D:11     | Identified the ring of Lamuilur {rPois rF- Will+++ MP-9
                  | Dex+6}
 10397 | D:11     | Noticed Sonja
 10408 | D:11     | Killed Sonja
 10746 | Lair:1   | Killed Harold
 10790 | Lair:1   | Found a runed translucent door.
 11122 | Lair:1   | Killed TacoSundae's ghost
 11272 | Lair:1   | Reached XP level 12. HP: 51/61 MP: 27/31
 11348 | Lair:1   | Reached skill level 5 in Fire Magic
 11690 | Lair:1   | Reached ***** piety under Sif Muna
 12079 | Lair:2   | Noticed a boulder beetle
 12092 | Lair:2   | Killed a boulder beetle
 12396 | Lair:2   | Received a gift from Sif Muna
 12400 | Lair:2   | Got Sif Muna's Vellum of the Throng {god gift}
 12417 | Lair:2   | Learned a level 3 spell: Summon Ice Beast
 12424 | Lair:2   | Learned a level 6 spell: Summon Cactus Giant
 12471 | Lair:2   | Reached skill level 15 in Spellcasting
 12595 | Lair:2   | Noticed Gastronok
 12613 | Lair:2   | Killed Gastronok
 12840 | Lair:2   | Identified the amulet "Teuhej" {Regen+ Str+3 Slay-2}
 13422 | Lair:3   | Reached skill level 5 in Dodging
 13426 | Lair:3   | Found a frozen archway.
 13441 | Lair:3   | HP: 2/62 [death yak simulacrum (16)]
 13512 | IceCv    | Entered an ice cave
 13521 | IceCv    | Reached XP level 13. HP: 44/66 MP: 22/34
 13636 | IceCv    | Identified the +6 trident "Kemisug" {drain, rC- rCorr
                  | Str+9}
 14101 | IceCv    | Reached skill level 15 in Summonings
 14608 | IceCv    | Received a gift from Sif Muna
 14610 | IceCv    | Got Sif Muna's Almanac of Roasted Cryomancy {god gift}
 14756 | Lair:3   | Found a staircase to the Snake Pit.
 14842 | Lair:3   | Found a staircase to the Swamp.
 14977 | Lair:3   | Learned a level 7 spell: Monstrous Menagerie
 15047 | Lair:3   | Identified the +8 glaive "Ycoceir" {venom, *Slow rCorr
                  | Dex+8}
 15724 | Lair:4   | Reached skill level 1 in Ice Magic
 16072 | Lair:4   | Found a snail-covered altar of Cheibriados.
 16530 | Lair:5   | Entered Level 5 of the Lair of Beasts
 16690 | Lair:5   | Reached XP level 14. HP: 56/72 MP: 9/38
 16933 | Lair:5   | Learned a level 4 spell: Airstrike
 17187 | Lair:5   | Reached skill level 5 in Air Magic
 17281 | Lair:5   | Received a gift from Sif Muna
 17286 | Lair:5   | Got Sif Muna's Folio of Striking {god gift}
 17708 | Lair:5   | Noticed Rupert
 17724 | Lair:5   | Killed Rupert
 18103 | Lair:5   | Found a viscous altar of Jiyva.
 18103 | Lair:5   | Found a staircase to the Slime Pits.
 18505 | Orc:1    | Entered Level 1 of the Orcish Mines
 18536 | Orc:1    | Found Zegeq's Distillery.
 18583 | Orc:1    | Bought a potion of heal wounds for 80 gold pieces
 18583 | Orc:1    | Bought 2 potions of invisibility for 256 gold pieces
 18637 | Orc:2    | Entered Level 2 of the Orcish Mines
 19047 | Orc:2    | Noticed Snorg
 19054 | Orc:2    | Killed Snorg
 19211 | Orc:2    | Found a staircase to the Elven Halls.
 19430 | Orc:1    | Received a gift from Sif Muna
 19817 | Orc:1    | Noticed Urug
 19828 | Orc:1    | Killed Urug
 20207 | Orc:2    | Found Pomou's Antique Armour Boutique.
 20207 | Orc:2    | Found Seaqil's Weapon Emporium.
 20209 | Orc:2    | Found Gisorcho's Antique Armour Shoppe.
 20211 | Orc:2    | Found Qezeyd's Book Shop.
 20463 | D:12     | Found a gate leading to a gauntlet.
 20469 | Gauntlet | Entered a Gauntlet
 20469 | Gauntlet | Found a transporter.
 20479 | Gauntlet | Found a transporter.
 20490 | Gauntlet | Found a transporter.
 20493 | Gauntlet | Found a transporter.
 20497 | Gauntlet | Found a runed translucent door.
 20500 | Gauntlet | Found a runed translucent door.
 20502 | Gauntlet | Found a transporter.
 20518 | Gauntlet | Found a transporter.
 20529 | Gauntlet | Found a transporter.
 20541 | Gauntlet | Found a transporter.
 20556 | Gauntlet | Found a transporter.
 20571 | Gauntlet | Found a transporter.
 20571 | Gauntlet | Found a transporter.
 20613 | Gauntlet | Found a transporter.
 20627 | Gauntlet | Found a transporter.
 20641 | Gauntlet | Found a transporter.
 20895 | Gauntlet | Identified the ring "Japp" {rC+ Int+6}
 20989 | Gauntlet | Identified the +4 flail "Killer Klown's Doom" {vamp,
                  | ^Fragile rN++ Int+6}
 20989 | Gauntlet | Identified the amulet of Ruyfunoz {Spirit rF+ MP+9}
 21002 | Gauntlet | Identified the +5 mace "Pologam" {antimagic, rF+ Int+4}
 21002 | Gauntlet | Identified the staff of the Bursting Sybil {rC+ Dex+3 Ice}
 21002 | Gauntlet | Identified the staff "Mijum" {rElec rN+ Str-4 Dex+2 Necro
                  | Earth}
 21271 | D:12     | Reached XP level 15. HP: 65/76 MP: 25/41
 21415 | D:12     | Reached skill level 1 in Necromancy
 21417 | D:12     | Found Vyukhlam's Antique Weapon Emporium.
 21428 | D:12     | Found Ilafusor's Distillery.
 21452 | D:12     | Learned a level 7 spell: Spellforged Servitor
 21465 | D:12     | Bought a masterwork short sword for 232 gold pieces
 21465 | D:12     | Identified the +3 short sword of Charity {drain, Will+
                  | rCorr Stlth+} (You bought it in a shop on level 12 of the
                  | Dungeon)
 21473 | D:12     | Bought a potion of curing for 51 gold pieces
 21473 | D:12     | Bought a potion of curing for 51 gold pieces
 21649 | D:12     | Found a blossoming altar of Fedhas.
 22486 | D:13     | You fall into a shaft and drop 1 floor!
 22749 | D:14     | Reached skill level 5 in Stealth
 22749 | D:14     | Reached skill level 1 in Conjurations
 22757 | D:14     | Found a gate to the Vaults.
 23438 | D:14     | Received a gift from Sif Muna
 23439 | D:14     | Got Sif Muna's Vademecum on Kindled Haze {god gift}
 24146 | D:15     | Entered Level 15 of the Dungeon
 24291 | D:15     | Found a staircase to the Depths.
 25454 | Swamp:1  | Entered Level 1 of the Swamp
 26389 | Swamp:2  | Noticed Mlioglotl
 26560 | Swamp:2  | Noticed a fenstrider witch
 26570 | Swamp:2  | Killed a fenstrider witch
 26600 | Swamp:2  | Killed Mlioglotl
 27521 | Swamp:3  | Reached XP level 16. HP: 81/81 MP: 42/44
 27556 | Swamp:3  | Received a gift from Sif Muna
 27557 | Swamp:3  | Got Sif Muna's Folio of Peregrination {god gift}
 27564 | Swamp:3  | Learned a level 5 spell: Summon Forest
 27898 | Swamp:3  | Noticed a tentacled monstrosity
 27925 | Swamp:4  | Entered Level 4 of the Swamp
 28158 | Swamp:4  | Learned a level 7 spell: Summon Hydra
 28413 | Swamp:4  | Reached skill level 5 in Conjurations
 29065 | Swamp:3  | Killed a tentacled monstrosity
 29539 | Swamp:3  | Identified the +1 dagger of Virtue {freeze, Fly Will+
                  | Str+2}
 30363 | Swamp:4  | Received a gift from Sif Muna
 30364 | Swamp:4  | Got Sif Muna's Essays on Friendly Despair {god gift}
 30584 | Swamp:4  | Noticed a thorn hunter
 30591 | Swamp:4  | Killed a thorn hunter
 30624 | Swamp:4  | Noticed a thorn hunter
 30632 | Swamp:4  | Killed a thorn hunter
 30676 | Swamp:4  | Found a blossoming altar of Fedhas.
 30835 | Swamp:4  | Found a basalt altar of Yredelemnul.
 30848 | Swamp:4  | Got a decaying rune of Zot
 30888 | Swamp:4  | Identified the +0 helmet "Byraih" {Str+3}
 31253 | Elf:1    | Entered Level 1 of the Elven Halls
 31552 | Snake:1  | Entered Level 1 of the Snake Pit
 31552 | Snake:1  | Identified the serpent talisman of the Sacrificial Victim
                  | {Str+3}
 31552 | Snake:1  | Noticed Aizul
 31552 | Snake:1  | Noticed Frances
 31560 | Snake:1  | Killed Frances
 31562 | Snake:1  | Killed Aizul
 31563 | Snake:1  | Reached skill level 1 in Translocations
 31678 | Snake:1  | Reached XP level 17. HP: 67/86 MP: 34/47
 31754 | Snake:1  | Noticed Kirke
 31759 | Snake:1  | Killed Kirke
 32537 | Snake:1  | Found a runed translucent gate.
 32537 | Snake:1  | Found a runed translucent gate.
 32538 | Snake:1  | Found a runed translucent gate.
 32541 | Snake:1  | Noticed Winotaur's ghost (journeyman MiBe)
 32559 | Snake:1  | Killed Winotaur's ghost
 33366 | Snake:2  | Noticed Vashnia
 33537 | Snake:2  | Received a gift from Sif Muna
 33650 | Snake:2  | Got Sif Muna's Directory of the Zebrataur {god gift}
 33968 | Snake:2  | Killed Vashnia
 34223 | Snake:2  | Found Sure's Book Emporium.
 34223 | Snake:2  | Found Tuwoos's Jewellery Boutique.
 34225 | Snake:2  | Found Zocsum's Jewellery Boutique.
 35964 | Snake:4  | Entered Level 4 of the Snake Pit
 36648 | Snake:4  | Received a gift from Sif Muna
 36656 | Snake:4  | Got Faibbin's Verses on Adjuration {god gift}
 36809 | Snake:4  | Found Kitokkuc's Antique Weapon Shop.
 36882 | Snake:4  | Reached XP level 18. HP: 49/92 MP: 18/50
 37145 | Snake:4  | Identified the +1 ring mail of the Moon {Will+ Int+2}
 38292 | Snake:4  | Received a gift from Sif Muna
 38295 | Snake:4  | Got Sif Muna's Excursus on the Summoned Catacomb {god gift}
 38389 | Snake:4  | Got a serpentine rune of Zot
 38853 | Elf:1    | Noticed Jorgrun
 38861 | Elf:1    | Killed Jorgrun
 39078 | Elf:1    | Got the Anthology of Energy
 39149 | Elf:1    | Reached skill level 27 in Spellcasting
 39380 | Elf:1    | Learned a level 4 spell: Martyr's Knell
 39390 | Elf:1    | Learned a level 9 spell: Dragon's Call
 39500 | Elf:1    | Paralysed by an air elemental for 1 turns
 39687 | Elf:1    | Noticed Zenata
 39694 | Elf:1    | Killed Zenata
 40116 | Elf:1    | Received a gift from Sif Muna
 40117 | Elf:1    | Got Sif Muna's Anthology of Beckoning and Shades {god gift}
 40123 | Elf:1    | Learned a level 4 spell: Animate Dead
 40246 | Elf:1    | Found Qaesyroh's Antique Weapon Shop.
 40393 | Elf:1    | Learned a level 5 spell: Summon Mana Viper
 41286 | Elf:2    | Reached XP level 19. HP: 96/96 MP: 5/52
 41507 | Elf:2    | Found Volos's Weapon Shoppe.
 41576 | Elf:2    | Found a runed translucent gate.
 41576 | Elf:2    | Found a runed translucent gate.
 41577 | Elf:2    | Found a runed translucent gate.
 41603 | Elf:2    | Reached ****** piety under Sif Muna
 42207 | Elf:2    | Reached skill level 10 in Air Magic
 42747 | Elf:3    | Entered Level 3 of the Elven Halls
 43214 | Elf:3    | Reached skill level 5 in Necromancy
 43251 | Elf:3    | Received a gift from Sif Muna
 43259 | Elf:3    | Got Sif Muna's Spellbook of Exhalation {god gift}
 43289 | Elf:3    | Reached skill level 1 in Invocations
 43312 | Elf:3    | Reached skill level 1 in Hexes
 44035 | Elf:3    | Identified the +9 war axe of Resumed Hostilities {vamp,
                  | ^Fragile rElec rC+ rN++}
 44152 | Elf:3    | Identified the +7 war axe of Borakelu {vamp, rPois}
 44171 | Elf:3    | Identified the +6 scimitar of Proximity {flame, Str+2}
 44175 | Elf:3    | Identified the +6 long sword "Cajeuh" {freeze, Will++
                  | Stlth-}
 44183 | Elf:3    | Found the ring of the Octopus King {rF+ HP+2 AC+2 EV+2
                  | SH+2}
 44187 | Elf:3    | Identified the +5 trident "Ywour Mycolo" {heavy, ^Fragile
                  | rPois rN+++ Str-3 Dex+4}
 44351 | Elf:3    | Got the Secrets of the Spider
 44371 | Elf:3    | Identified the +1 dagger of the Gloaming {drain, rPois rN++
                  | Will+ Str-3}
 44419 | Elf:3    | Identified the +1 flail "Atev Giklask" {venom, Will+}
 44423 | Elf:3    | Identified the +1 helmet of the Moon {rN++ Int-2 Dex+5}
 44622 | Elf:3    | Identified the +8 trident of Yesterday {flame, rN+ rCorr
                  | Dex-2}
 44891 | Vaults:1 | Entered Level 1 of the Vaults
 45130 | Vaults:1 | Reached XP level 20. HP: 69/101 MP: 25/53
 45363 | Vaults:1 | Got the Octavo of the Barber Surgeon
 45410 | Vaults:1 | Received a gift from Sif Muna
 45451 | Vaults:1 | Got Sif Muna's Last Precepts of the Lorekeeper {god gift}
 45552 | Vaults:1 | Noticed Saint Roka
 45562 | Vaults:1 | Killed Saint Roka
 46223 | Vaults:1 | Reached skill level 1 in Long Blades
 46626 | Vaults:1 | Noticed Norris
 47138 | Vaults:1 | Received a gift from Sif Muna
 47139 | Vaults:1 | Killed Norris
 47527 | Vaults:2 | Identified the +0 chain mail "Yqasch" {Dex+5}
 47896 | Vaults:2 | Found a staircase to the Crypt.
 48045 | Vaults:2 | Identified the +11 chain mail of the Eternal Fruit {rElec
                  | rC++ Str-2 SInv}
 49724 | Vaults:3 | Received a gift from Sif Muna
 49725 | Vaults:3 | Got Sif Muna's Volume of Heat and the Barrage {god gift}
 49980 | Vaults:3 | Reached skill level 5 in Invocations
 50146 | Vaults:3 | Identified the +8 dagger of Terra Cotta {freeze, rPois
                  | Str+3}
 50416 | Vaults:3 | Reached XP level 21. HP: 105/105 MP: 54/54
 51239 | Vaults:3 | Found a transporter.
 51239 | Vaults:3 | Found a transporter.
 51790 | Vaults:3 | Identified the +2 pair of gloves "Wucihone" {Fly Str+3
                  | Slay+2}
 52255 | Vaults:4 | Identified the +3 chain mail "Oneg" {^Contam rN+ Dex+2}
 52875 | Vaults:4 | Identified the amulet of Morality {Faith +Blink Dex+2}
 53080 | Vaults:4 | Received a gift from Sif Muna
 53083 | Vaults:4 | Got Sif Muna's Handbook of Shifting Haze {god gift}
 53352 | Vaults:4 | Found Zenlerupti's Jewellery Boutique.
 53421 | Vaults:4 | Bought the amulet of Gaenkyf {Regen+ rCorr Dex+3} for 733
                  | gold pieces
 54663 | Vaults:5 | Entered Level 5 of the Vaults
 54680 | Vaults:5 | Noticed an ancient lich
 54681 | Vaults:5 | HP: 5/109 [ancient lich/bolt of acid (24)]
 54904 | Vaults:5 | Reached skill level 10 in Dodging
 55036 | Vaults:5 | Reached XP level 22. HP: 112/112 MP: 29/55
 55053 | Vaults:5 | Reached skill level 5 in Translocations
 55063 | Vaults:5 | Received a gift from Sif Muna
 55067 | Vaults:5 | Noticed an ancient lich
 55072 | Vaults:5 | Killed an ancient lich
 55108 | Vaults:5 | Killed an ancient lich
 55111 | Vaults:5 | Reached skill level 27 in Summonings
 55118 | Vaults:5 | Noticed a dread lich
 55121 | Vaults:5 | Killed a dread lich
 55634 | Vaults:5 | Got Sif Muna's Anthology of Bad Luck and Aeromancy {god
                  | gift}
 55873 | Vaults:5 | Noticed an ancient lich
 55881 | Vaults:5 | Killed an ancient lich
 55883 | Vaults:5 | Found the amulet of the Air {Inacc Air Fly rElec RMsl}
 55962 | Vaults:5 | Identified the +9 spear of Circularity {venom, Will+}
 56434 | Vaults:5 | Found Teistoijor's Book Shoppe.
 56457 | Vaults:5 | Found Caskuvoa's Antique Armour Shop.
 56459 | Vaults:5 | Found Kommoel's General Store.
 56475 | Vaults:5 | Got a silver rune of Zot
 56480 | Vaults:5 | Found Daklauf's Antique Armour Shoppe.
 56497 | Vaults:5 | Bought a spiked leather armour for 294 gold pieces
 56497 | Vaults:5 | Identified the +1 leather armour of Kaaveytump {rElec Dex+3
                  | Slay+3} (You bought it in a shop on level 5 of the Vaults)
 56497 | Vaults:5 | Bought a dazzling robe for 239 gold pieces
 56497 | Vaults:5 | Identified the +1 robe of the Monkey {Harm Will- Dex+6}
                  | (You bought it in a shop on level 5 of the Vaults)
 57559 | Depths:1 | Entered Level 1 of the Depths
 57929 | Slime:1  | Entered Level 1 of the Pits of Slime
 58246 | Slime:4  | Noticed Donald
 58256 | Slime:4  | Killed Donald
 58343 | Slime:5  | Entered Level 5 of the Pits of Slime
 58352 | Slime:5  | Reached skill level 10 in Conjurations
 58383 | Slime:5  | Received a gift from Sif Muna
 58404 | Slime:5  | Found a viscous altar of Jiyva.
 58406 | Slime:5  | Noticed the Royal Jelly
 58457 | Slime:5  | Killed the Royal Jelly
 58511 | Slime:5  | Identified the +5 long sword of the Freezing Gods {elec,
                  | Will+}
 58512 | Slime:5  | Identified the +2 ring mail "Rorel" {rElec Str+3}
 58612 | Slime:5  | Identified the +7 shortbow "Xejugo" {speed, rPois rC+
                  | Dex-3}
 58673 | Slime:5  | Got Sif Muna's Elucidation of Synthesis and Thermatology
                  | {god gift}
 58801 | Slime:5  | Identified the ring "Fifuh" {Ice rElec Will- rCorr Int+4}
 58903 | Slime:5  | Got a slimy rune of Zot
 59046 | Slime:5  | Identified the +8 hand axe of Camu {vamp, ^Drain Int+5}
 59218 | Slime:4  | Learned a level 5 spell: Freezing Cloud
 59469 | Slime:3  | Reached skill level 5 in Long Blades
 59682 | Slime:1  | Gained mutation: You occasionally shout uncontrollably at
                  | your foes. [a shining eye]
 59687 | Slime:1  | Reached XP level 23. HP: 92/118 MP: 39/56
 59690 | Slime:1  | Reached skill level 5 in Ice Magic
 60958 | Crypt:1  | Entered Level 1 of the Crypt
 61150 | Crypt:1  | Identified the ring "Dengineo" {Ice rN+}
 61150 | Crypt:1  | Noticed Josephina
 61159 | Crypt:1  | HP: 1/110 [Josephina/staff of cold (15)]
 61159 | Crypt:1  | Mangled by Josephina

Illustrated notes

Levels and vault maps discovered:
D:1:      minmay_arrival_plants_in_alcoves, layout_basic,
          hangedman_feature_mirror, feat_on_display
D:2:      layout_basic, basic_ecumenical_altar, basic_altar,
          uniq_crazy_yiuf_cottage
D:3:      layout_basic
D:4:      layout_loops_cross, old_standard_altar, minmay_temple_entry_grid,
          palyth_stone_intersect, uniq_duvessa
D:5:      layout_basic, mainiacjoe_overflow_catwalk, kennysheep_little_box,
          ashenzari_conservatory_becter, grunt_ministairs_14, dk_vineyard_3,
          uniq_ijyb
D:6:      layout_cave_pools, old_standard_altar
D:7:      layout_basic, nicolae_gozag_cash_rules_everything_around_me
D:8:      layout_cave_pools, kennysheep_mini,
          gammafunk_temple_overflow_elements, uniq_joseph
D:9:      layout_cave_pods, mainiacjoe_overflow_tiny_flanked,
          hangedman_ru_absence, uniq_maurice, uniq_jeremiah
D:10:     minmay_inner_zag, layout_basic, nicolae_trove_entry_columns
D:11:     layout_gridville, lair_entry_dummy, orc_0_dummy,
          hellmonk_sif_muna_bookshelves, uniq_sonja
D:12:     layout_basic, gauntlet_entry_generic, grunt_ministairs_7, st_stairs_4,
          nicolae_wooded_promenade, fedhas_bush_and_centaur_altar
D:13:     layout_cave_pools, kennysheep_small_circle
D:14:     layout_irregular_city, hellmonk_vaults_order_and_chaos, hex_medium,
          serial_column_ruins, column_ruins_grid_5, column_ruins_corridor_water,
          column_ruins_columns_straight, column_ruins_open_small_water,
          column_ruins_columns_dead_end, column_ruins_open_tiny
D:15:     hangedman_depths_entry_civil_slaughter, layout_grid_maze,
          minmay_fountain_box, kennysheep_flooded_box
Temple:   hellmonk_temple_divided_pantheon
Lair:1:   layout_cave_pods, hellmonk_ghost_happy_afterlife, uniq_harold
Lair:2:   layout_roguey, kennysheep_abandoned_house, uniq_gastronok
Lair:3:   layout_cave_shapes, mainiacjoe_swamp_entry_lozenge_pond,
          guppyfry_snake_entry_island, portal_ice_cave_entry_ice_simulacra
Lair:4:   layout_concentric_octagons, chequers_serial_rivers_room_b,
          kennysheep_snail_temple
Lair:5:   minmay_lair_end_frog_pond, layout_misc_corridors, slime_entry_1,
          minivault_24, lemuel_fruit_fields, lemuel_fruit_tree, uniq_rupert
Swamp:1:  layout_basic_swamp, hangedman_swamp_diagram, swamp_pool_1_2
Swamp:2:  layout_falls_marsh, evilmike_swamp_ruin_rubble_1, uniq_mlioglotl
Swamp:3:  nzn_winding_woodlands_small [nzn_winding_woodlands_5x15_cabin,
          nzn_winding_woodlands_center_lodge,
          nzn_winding_woodlands_5x15_pathside_ponds], layout_basic_swamp,
          evilmike_swamp_ruin_house_5
Swamp:4:  byrel_swamp_growth_death_and_undeath, layout_basic_swamp
Snake:1:  cheibrodos_snake_ritualist_ritual, layout_onion_interference,
          gammafunk_ghost_necromancy, uniq_aizul, uniq_frances, uniq_kirke
Snake:2:  layout_gridlike, minmay_shop_grove, uniq_vashnia
Snake:3:  layout_gridlike
Snake:4:  grunt_snake_rune_serpentine_throne, layout_rooms, drop_trap,
          minmay_shop_star
Slime:1:  layout_caves, cheibrodos_slime_lost_civilization_6
Slime:2:  layout_caves
Slime:3:  nicolae_slime_jelly_donut, layout_caves, uniq_dissolution
Slime:4:  layout_caves, cheibrodos_slime_lost_civilization_4, uniq_donald
Slime:5:  slime_pit_nicolae_inversion
Orc:1:    layout_caves, special_room [special_room_bee], serial_shops, shop,
          mines2_david, uniq_urug
Orc:2:    st_orc_rangers, layout_caves, uniq_snorg
Elf:1:    minmay_elf_arrival_circle, layout_geoelf_octagon, serial_shops,
          nicolae_shop_rolling_square, hangedman_elven_crosses_minicolossus,
          minmay_elf_annihilation, uniq_zenata, uniq_jorgrun
Elf:2:    elven_hall_of_blades_hangedman_original
          [nicolae_blade_entry_pointy_end], layout_gridlike, serial_shops,
          nicolae_shop_behind_doors
Elf:3:    minmay_elf_hall_four_x, layout_geoelf_octagon,
          nicolae_elf_glass_and_crystal_pillar_1, grunt_megastairs_3
Vaults:1: vaults_room_grunt_arrival_ludios, nicolae_vaults_network_s,
          nicolae_vaults_offset_grid_hallway_2, nicolae_vaults_back_hallway,
          v_misc_26, blackcustard_rock_pile, ontoclasm_vaults_twist,
          nicolae_vaults_storage_room_water, nicolae_vaults_closet_pinwheel_4,
          nicolae_vaults_more_shelving_2, nicolae_vaults_apartment_2,
          nicolae_vaults_cochlea, nicolae_vaults_mini_display_case,
          layout_vaults_ring, uniq_saint_roka, uniq_norris
Vaults:2: nicolae_vaults_little_squares_5, ontoclasm_vaults_ligature,
          ontoclasm_vaults_pinch, nicolae_vaults_ellipses_ellipsis,
          nicolae_vaults_surprise_closet, vaults_room_semicircle,
          nicolae_vaults_diamond_2, blue_anna_dwarven_crypt, st_cross,
          grunt_vaults_twisty, nicolae_vaults_six-pack,
          nicolae_vaults_double_plus_3, vaults_standard_mumra_lines,
          vaults_dpeg_ring, layout_vaults_big_room
Vaults:3: nicolae_vaults_tetromino_L_2, vaults_mumra_lcd, nicolae_vaults_big_ls,
          v_alt_pattern_1, nicolae_vaults_tangram_1, gammafunk_the_bubble
          [the_bubble_gammafunk_split], ontoclasm_vaults_ring_large,
          nicolae_vaults_stepped_doors, ontoclasm_vaults_fault,
          grunt_vaults_funnel, nicolae_vaults_double_plus_3,
          vaults_mumra_hexcomb, nicolae_vaults_windows_and_doors_thing,
          layout_vaults_maze
Vaults:4: nicolae_vaults_little_squares_1, ontoclasm_vaults_claustrophobia,
          v_pattern_3, nicolae_vaults_frosty_reception,
          nicolae_vaults_network_periphery, nicolae_vaults_turnstiles,
          nicolae_vaults_specimen_jars, nicolae_vaults_border_crossing,
          nicolae_vaults_tetromino_T_2, vaults_dpeg_hooks,
          layout_vaults_omnigrid, serial_shops, nicolae_shop_waterfront
Vaults:5: serial_shops
Crypt:1:  layout_misc_corridors, gammafunk_ghost_crypt, grunt_ministairs_5,
          due_unseen_surprise, uniq_xtahua, uniq_josephina, uniq_vv
Depths:1: layout_cave_pools, enter_ziggurat_d, hell_entry, grunt_ministairs_11,
          evilmike_ambush [evilmike_ambush_outer_basic,
          evilmike_ambush_inner_pond], minmay_shoptagon

Skill      XL: |  1  2  3  4  5  6  7  8  9 10 11 12 13 14 15 16 17 18 19 20 21 22 23 |
---------------+----------------------------------------------------------------------+-----
Summonings     | 5 6 7 9 10 12 14 15 17 18 19 20 21 23 25 26 27 | 27.0
Stealth        | 3 4 5 6 7 |  7.7
Spellcasting   | 4 5 6 7 9 11 13 15 18 20 22 24 26 27 | 27.0
Shields        | 1 2 3 4 5 6 7 8 |  8.3
Short Blades   | 1 2 3 4 |  4.6
Armour         | 1 2 3 4 5 6 |  6.8
Fire Magic     | 1 2 3 4 5 |  5.8
Dodging        | 3 4 5 6 7 8 9 10 11 | 11.5
Air Magic      | 1 3 4 5 7 8 9 10 11 12 | 12.7
Fighting       | 1 2 3 4 |  4.8
Ice Magic      | 1 2 3 4 5 |  5.1
Necromancy     | 1 3 5 7 8 |  8.6
Conjurations   | 3 6 7 8 9 10 | 10.3
Translocations | 1 2 3 4 7 |  7.7
Invocations    | 1 5 7 |  7.4
Hexes          | 1 |  1.3
Long Blades    | 1 3 5 |  5.4
Evocations     | |  0.7

Action                     |  1- 3 |  4- 6 |  7- 9 | 10-12 | 13-15 | 16-18 | 19-21 | 22-24 || total
---------------------------+-------+-------+-------+-------+-------+-------+-------+-------++-------
  Melee: Dagger            |    45 |    82 |   157 |   162 |   314 |       |       |       ||   760
         Punch             |     1 |       |       |       |       |       |       |       ||     1
         Short sword       |       |       |       |       |    89 |   115 |    10 |       ||   214
         Long sword        |       |       |       |       |       |       |   105 |    59 ||   164
         Unarmed           |       |       |       |       |       |       |     3 |       ||     3
   Fire: Sling             |       |       |       |       |     3 |       |       |       ||     3
   Cast: Summon Small Mamm |    31 |    12 |    16 |    14 |       |       |       |       ||    73
         Call Imp          |     4 |    11 |    25 |    37 |    11 |     2 |       |       ||    90
         Call Canine Famil |     1 |     9 |    21 |    26 |    12 |       |     2 |       ||    71
         Summon Blazeheart |       |     1 |     8 |    43 |    19 |       |       |       ||    71
         Summon Lightning  |       |       |     4 |    48 |    25 |    21 |    16 |     5 ||   119
         Summon Cactus Gia |       |       |       |     9 |    99 |    36 |    46 |     6 ||   196
         Summon Ice Beast  |       |       |       |     9 |    86 |    32 |    39 |     6 ||   172
         Monstrous Menager |       |       |       |       |   111 |   122 |   146 |    48 ||   427
         Airstrike         |       |       |       |       |    95 |   359 |   115 |     6 ||   575
         Spellforged Servi |       |       |       |       |     9 |    10 |    34 |    11 ||    64
         Summon Forest     |       |       |       |       |       |    63 |    70 |    25 ||   158
         Summon Hydra      |       |       |       |       |       |    29 |    23 |     5 ||    57
         Martyr's Knell    |       |       |       |       |       |     5 |    33 |    12 ||    50
         Summon Mana Viper |       |       |       |       |       |       |     5 |       ||     5
         Dragon's Call     |       |       |       |       |       |       |     3 |     4 ||     7
         Animate Dead      |       |       |       |       |       |       |    11 |     2 ||    13
         Freezing Cloud    |       |       |       |       |       |       |       |     4 ||     4
 Invoke: Channel Magic     |       |       |       |       |     1 |       |     2 |     1 ||     4
         Forget Spell      |       |       |       |       |     1 |       |       |       ||     1
  Evoke: Wand              |       |       |       |       |     5 |       |     6 |       ||    11
         Sack of spiders   |       |       |       |       |     1 |       |       |       ||     1
    Use: Scroll            |     1 |       |    12 |     7 |    17 |    10 |     6 |     4 ||    57
         Potion            |       |       |       |     3 |     6 |     2 |     8 |     1 ||    20
   Stab: Sleeping          |     1 |     6 |     7 |     2 |     2 |     1 |     3 |       ||    22
         Distracted        |       |       |     3 |     4 |     4 |     5 |     7 |     4 ||    27
         Paralysed         |       |       |       |       |     1 |     2 |       |     2 ||     5
 Armour: Robe              |    16 |       |       |       |       |       |   174 |   109 ||   299
         Leather armour    |    22 |    62 |    74 |   123 |   322 |   249 |    50 |       ||   902
  Dodge: Dodged            |    14 |    66 |   103 |   166 |   482 |   222 |   151 |   119 ||  1323
  Block: Buckler           |     2 |    23 |    35 |    71 |   142 |    71 |   122 |    68 ||   534
         Tower shield      |       |       |       |       |   153 |       |       |       ||   153
         Reflection        |       |       |       |       |       |       |    34 |     2 ||    36
